AoeStats
← DS_The Answer

Arabia

505974693Analyzed
1v1 RM · 21d ago on Sep 11, 2026· 50m 17s· 2 players
Game mode
Random Map
Map size
Tiny (2 player)
Population
200
Speed
Normal
Resources
Standard
Victory
Conquest
Starting age
Dark Age
Ending age
Imperial Age
RankedLock teamsTeams togetherTeam positionsShared explorationLock speedFull tech treeHidden civsTurbo modeCheats
Victory
Defeat
🇦🇷 Wu · Argentina
1944
+18
🇬🇧 Gurjaras · United Kingdom
1985
-18
DS_The Answer
8:04 Loom
10:55 Feudal Age
15:03 Castle Age
14:55 Double-Bit Axe
15:31 Scale Mail Armor
19:00 Squires
23:50 Bow Saw
24:41 Town Watch
25:35 Fletching
31:01 Bodkin Arrow
35:59 Ballistics
36:10 Horse Collar
37:15 Wheelbarrow
37:38 Heavy Plow
41:28 Imperial Age
39:54 Masonry
39:15 Pikeman
40:12 Chain Mail Armor
40:56 Hand Cart
41:13 Forging
42:38 Conscription
42:26 Halberdier
43:05 Gold Mining
43:06 Stone Mining
44:22 Plate Mail Armor
45:12 Bracer
46:48 Iron Casting
48:14 Chemistry
47:34 Guard Tower
48:22 Architecture
48:41 Sitting Tiger
48:44 Elite Fire Archer
51:34 Two-Man Saw
50:45 Padded Archer Armor
51:46 Blast Furnace
Trundle the Great
6:38 Loom
8:52 Feudal Age
9:31 Double-Bit Axe
11:12 Horse Collar
15:27 Fletching
19:03 Castle Age
30:20 Scale Barding Armor
32:49 Bloodlines
33:46 Husbandry
38:29 Imperial Age
38:13 Chain Barding Armor
44:10 Padded Archer Armor
47:02 Chemistry
47:35 Wheelbarrow
Connection lost

Rejoining the realm…

Still unreachable

The connection could not be restored.

Session expired

The server has moved on; the page needs a fresh start.